 Dungeon Crawl Stone Soup version 0.29.1-15-g9cfb28693d (webtiles) character file.

Game seed: 2464618198129853849

560 Sanktem7 the Chopper (level 7, -3/61 HPs)
             Began as a Minotaur Fighter on Mar 14, 2023.
             Killed from afar by Dowan (6 damage)
             ... with a shard of ice
             ... on level 4 of the Dungeon on Mar 15, 2023.
             The game lasted 00:06:08 (3906 turns).

Sanktem7 the Chopper (Minotaur Fighter)             Turns: 3906, Time: 00:06:08

Health: -3/61      AC:  8    Str: 23    XL:     7   Next: 9%
Magic:  6/6        EV:  9    Int:  5    God:
Gold:   154        SH:  4    Dex:  9    Spells: 6/6 levels left

rFire   . . .      SeeInvis .   a - +0 war axe {axe}
rCold   . . .      Faith    .   c - +0 buckler
rNeg    . . .      Spirit   .   b - +0 scale mail
rPois   .          Reflect  .   (helmet restricted)
rElec   .          Harm     .   (no cloak)
rCorr   .          Rampage  .   (no gloves)
Will    .....                   B - +0 pair of boots
Stlth   ..........              (no amulet)
HPRegen 0.20/turn               (no ring)
MPRegen 0.10/turn               (no ring)

@: no status effects
A: horns 2, retaliatory headbutt
a: no special abilities


You were on level 4 of the Dungeon.
You visited 1 branch of the dungeon, and saw 4 of its levels.

You collected 196 gold pieces.
You spent 42 gold pieces at shops.


Innate Abilities, Weirdness & Mutations

You have a pair of horns on your head.
You reflexively headbutt those who attack you in melee.


   Skills:
 + Level 5.4 Fighting
 * Level 6.1 Axes
 + Level 5.4 Armour
 + Level 5.3 Shields


You had 6 spell levels left.
You didn't know any spells.
Your spell library was empty.

Inventory:

Hand Weapons
 a - a +0 war axe (weapon) {axe}
 z - a +0 flail of protection {mace}
   (You took it off an orc priest on level 3 of the Dungeon)
Missiles
 f - 55 stones (quivered) {throwing}
 h - 7 poisoned darts {throwing}
 m - 4 boomerangs {throwing}
Armour
 b - a +0 scale mail (worn)
 c - a +0 buckler (worn)
 B - a +0 pair of boots (worn)
   (You found it on level 4 of the Dungeon)
Magical Staves
 q - a staff of fire {!astaff}
   (You took it off a kobold on level 2 of the Dungeon)
Wands
 v - a wand of digging (7)
   (You found it on level 3 of the Dungeon)
Scrolls
 e - 2 scrolls of blinking {unknown}
 j - 4 scrolls of identify {unknown}
 l - a scroll of acquirement {unknown}
 p - 2 scrolls of butterflies {unknown}
 r - a scroll of vulnerability {unknown}
 s - a scroll of brand weapon {unknown}
 u - 3 scrolls of teleportation {unknown}
 w - 2 scrolls of amnesia {unknown}
 x - 2 scrolls of fear {unknown}
Potions
 d - 2 potions of might
 g - a potion of brilliance {unknown}
 i - a potion of curing {@q1}
 k - a potion of attraction {unknown}
 n - 3 potions of flight {unknown}
 o - 2 potions of degeneration {unknown}
 t - 2 potions of lignification {unknown}
 A - a potion of heal wounds {unknown}

Dungeon Overview and Level Annotations

Branches:
Dungeon (4/15) Zot: 20014
 Temple: D:4-7

Altars:
Qazlal

Shops:
D:3 *   D:4 [!

Annotations:
D:4 Dowan

#...#.....# +
#...#.....# ..
##.##.##.## ...
#....##.####....
##.∩.#'.........
#.....#.........
##'####..###...
..##...#######.
#.....^..@)......
#..?..)...e$.....
##/.:#.......####
###########.# ...
... ... ...


You could see Dowan (fast).


Message History

No target in view!
No target in view!
No target in view!
No target in view!
No target in view!
No target in view!
No target in view!
No target in view!
No target in view!
No target in view!
No target in view!
No target in view!
No target in view!
Found Massoitomp's Antique Armour Boutique. 😎 HP[+10]
Your hp is fully restored (56).
w - 2 scrolls labelled REOR JONGUOHA (gained 1)
Found a stone staircase leading down.
There is an entrance to Massoitomp's Antique Armour Boutique here.
You open the door.
There is an open door here.
f - 55 stones {throwing} (gained 4)
There is an open door here.
You open the door.
Duvessa, Sister of Dowan comes into view.
She is wielding a +0 short sword and carrying a wand of flame (24).
Duvessa shouts!
Dowan, Brother of Duvessa comes into view.
He is wielding a +1 dagger of electrocution.
Duvessa moves out of view.
There is an open door here.
Dowan shouts!
You block Duvessa's attack.
You hit Duvessa but do no damage. You closely miss Dowan.
Duvessa zaps a wand.
The puff of flame hits you but does no damage.
You block Dowan's attack.
You hit Duvessa but do no damage. Your headbutt misses Duvessa.
You slash Dowan! Duvessa closely misses you. Dowan hits you but does no damage.
You are electrocuted! 😕 HP[-11]
You take 11 damage, and now have 45/56 hp.
You barely miss Duvessa. Your headbutt misses Duvessa.
You hit Dowan but do no damage. Duvessa hits you but does no damage.
Dowan points at you and mumbles some strange words.
You resist with some effort.
Dowan points at you and mumbles some strange words.
You resist with some effort. Duvessa barely misses you.
You furiously retaliate!
You headbutt Duvessa! 😕 HP[+1]
You closely miss Duvessa. You headbutt Duvessa. You hit Dowan but do no damage.
You block Duvessa's attack. Dowan closely misses you. You furiously retaliate!
You headbutt Dowan, but do no damage. You slash Duvessa! You hit Dowan.
Duvessa zaps a wand.
The puff of flame hits you!
Dowan points at you and mumbles some strange words.
The puff of frost hits you!
* * * LOW HITPOINT WARNING * * *
😨 HP[-20]
You take 20 damage, and now have 26/56 hp.
MASSIVE DAMAGE!! (PAUSE)
You hit Duvessa but do no damage. You headbutt Duvessa, but do no damage.
You barely miss Dowan. Duvessa barely misses you. You furiously retaliate!
You headbutt Duvessa, but do no damage. Dowan gestures at you while chanting.
The puff of frost hits you!
* * * LOW HITPOINT WARNING * * *
😨 HP[-10]
You take 10 damage, and now have 16/56 hp.
You slash Duvessa! You slash Dowan! Duvessa completely misses you.
Dowan hits you but does no damage.
Duvessa zaps a wand.
The puff of flame hits you!
* * * LOW HITPOINT WARNING * * *
You block Dowan's attack. 😱 HP[-8]
You take 8 damage, and now have 8/56 hp.
You hit Duvessa. You completely miss Dowan.
Dowan hits you with a +1 dagger of electrocution.
* * * LOW HITPOINT WARNING * * *
Duvessa barely misses you.
Unknown command.
You slash Duvessa!
You kill Duvessa!
Dowan screams, "No!
Oh no!"
Dowan seems to find hidden reserves of power!
You hit Dowan.
Dowan hits you with a +1 dagger of electrocution.
* * * LOW HITPOINT WARNING * * *
Dowan hits you but does no damage.
Your Axes skill increases to level 6!
You have reached level 7! 😱 MP[+1]
You now have 61 max hp (+5).
Your mp is fully restored (6).
You hit Dowan.
Dowan points at you and mumbles some strange words.
The stone arrow hits you.
* * * LOW HITPOINT WARNING * * *
Dowan casts a spell at you. The shard of ice hits you.
You die...

Skill      XL: |  1  2  3  4  5  6 |
---------------+-------------------+-----
Axes           | 3 4 5 6 |  6.1
Shields        | 4 5 |  5.3
Armour         | 4 5 |  5.4
Fighting       | 4 5 |  5.4

Action                   |  1- 3 |  4- 6 |  7- 9 || total
-------------------------+-------+-------+-------++-------
Melee: War axe           |   106 |   134 |     1 ||   241
       Headbutt          |    11 |    17 |       ||    28
  Use: Potion            |       |     1 |       ||     1
Armor: Scale mail        |    52 |    68 |       ||   120
Dodge: Dodged            |    60 |    78 |       ||   138
Block: Buckler           |    27 |    35 |       ||    62

Levels and vault maps discovered:
D:1:      minmay_arrival_doors, layout_basic, minmay_pentomino_r4
D:2:      layout_loops_ring, uniq_natasha, uniq_robin
D:3:      layout_basic, serial_shops, shop, shapermc_ecumenical_altar_venn,
          minivault_27, minmay_tree_intersection
D:4:      layout_gridville, mainiacjoe_overflow_small_starburst,
          lemuel_crystal_altar, serial_shops, nicolae_diamond_shop, shop,
          nicolae_lakefront_shop, nicolae_shop_behind_doors, nicolae_shop_stone,
          uniq_duvessa

Notes
Turn   | Place    | Note
-------+----------+-------------------------------------------
     0 | D:1      | Sanktem7 the Minotaur Fighter began the quest for the Orb.
     0 | D:1      | Reached XP level 1. HP: 19/19 MP: 0/0
     0 | D:1      | magus.rc [v1.9.6]
    68 | D:1      | Reached XP level 2. HP: 20/27 MP: 1/1
   176 | D:1      | Reached skill level 3 in Axes
   427 | D:1      | Reached skill level 4 in Shields
   433 | D:1      | Reached skill level 4 in Armour
   433 | D:1      | Reached XP level 3. HP: 28/33 MP: 2/2
   488 | D:1      | Reached skill level 4 in Fighting
  1563 | D:2      | Reached XP level 4. HP: 40/40 MP: 3/3
  1762 | D:2      | Noticed Robin
  1766 | D:2      | Killed Robin
  1767 | D:2      | Reached skill level 4 in Axes
  1980 | D:2      | Noticed Natasha
  1990 | D:2      | Killed Natasha
  2371 | D:3      | Reached XP level 5. HP: 43/47 MP: 4/4
  2473 | D:3      | Identified the +1 robe of the Orcish Mines {+Inv Str+9}
  2537 | D:3      | HP: 11/47 [orc/+0 club (2)]
  2549 | D:3      | HP: 7/47 [something (4)]
  2557 | D:3      | HP: 2/47 [something (4)]
  2872 | D:3      | Found Cooxta Jaomn's Assorted Antiques.
  3118 | D:3      | Found a faded altar of an unknown god.
  3214 | D:4      | Found Amaulot's Distillery.
  3285 | D:4      | Reached skill level 5 in Axes
  3339 | D:4      | Bought a potion of curing for 42 gold pieces
  3368 | D:4      | Noticed an ice beast
  3378 | D:4      | Reached XP level 6. HP: 22/55 MP: 5/5
  3379 | D:4      | Killed an ice beast
  3380 | D:4      | Reached skill level 5 in Fighting
  3380 | D:4      | Reached skill level 5 in Armour
  3380 | D:4      | Reached skill level 5 in Shields
  3380 | D:4      | HP: 14/56 [poisoned by an adder]
  3386 | D:4      | magus.rc [v1.9.6]
  3707 | D:4      | Found a stormy altar of Qazlal.
  3857 | D:4      | Found Massoitomp's Antique Armour Boutique.
  3893 | D:4      | Noticed Duvessa
  3893 | D:4      | Noticed Dowan
  3903 | D:4      | HP: 8/56 [Duvessa/puff of flame (8)]
  3905 | D:4      | Killed Duvessa
  3906 | D:4      | Reached skill level 6 in Axes
  3906 | D:4      | Reached XP level 7. HP: 8/61 MP: 6/6
  3906 | D:4      | HP: 3/61 [Dowan/stone arrow (5)]
  3906 | D:4      | Killed from afar by Dowan

Vanquished Creatures
  Duvessa (D:4)
  An ice beast (D:4)
  A hound (D:4)
  An orc priest (D:3)
  Natasha (D:2)
  3 orc wizards
  Robin (D:2)
  6 adders
  2 worms
  A dart slug (D:1)
  10 orcs
  9 endoplasms
  5 giant cockroaches
  16 goblins
  3 hobgoblins
  4 jackals (D:1)
  7 quokkas
  12 ball pythons
  7 bats
  3 frilled lizards (D:2)
  9 kobolds
  5 rats
108 creatures vanquished.

Vanquished Creatures (others)
  An orc wizard (D:3)
1 creature vanquished.

Grand Total: 109 creatures vanquished

Table legend:
 A = Non-vault XP
 B = Vault XP
 C = Vault XP percentage of total XP
 D = Non-vault monster count
 E = Vault monster count
 F = Vault count percentage of total count
                 A         B        C        D         E       F
            +---------+---------+-------+---------+---------+-------
      Total |     577 |     223 |  27.9 |      97 |      12 |  11.0
            +---------+---------+-------+---------+---------+-------
        D:1 |      62 |       5 |   7.5 |      36 |       3 |   7.7
        D:2 |      57 |      61 |  51.7 |      26 |       8 |  23.5
        D:3 |     138 |       0 |   0.0 |      17 |       0 |   0.0
        D:4 |     320 |     157 |  32.9 |      18 |       1 |   5.3
            +---------+---------+-------+---------+---------+-------

Illustrated notes

Table legend:
 A = Kills in this place as a percentage of kills in entire the game.
 B = Kills by you in this place as a percentage of kills by you in the entire game.
 C = Kills by friends in this place as a percentage of kills by friends in the entire game.
 D = Other kills in this place as a percentage of other kills in the entire game.
 E = Experience gained in this place as a percentage of experience gained in the entire game.
 F = Experience gained in this place divided by the number of levels of this place that you have seen.
                   A       B       C       D       E      F
               +-------+-------+-------+-------+-------+----------------------
         Total | 100.0 | 100.0 |   N/A | 100.0 | 100.0 | 200.0
       Dungeon | 100.0 | 100.0 |   N/A | 100.0 | 100.0 | 200.0
               +-------+-------+-------+-------+-------+----------------------

Table legend: (Time is in decaauts)
 A = Elapsed time spent in this place.
 B = Non-inter-level travel time spent in this place.
 C = Inter-level travel time spent in this place.
 D = Time resting spent in this place.
 E = Time spent auto-exploring this place.
 F = Levels seen in this place.
 G = Mean time per level.
                   A        B        C        D        E       F      G
               +--------+--------+--------+--------+--------+-----+--------+
         Total |   3984 |   3915 |     69 |    457 |   2874 |   4 |  996.0 |
       Dungeon |   3984 |   3915 |     69 |    457 |   2874 |   4 |  996.0 |
               +--------+--------+--------+--------+--------+-----+--------+

Top non-repeatable levels by time:
     D:1: 1228 daAuts
     D:2: 1135 daAuts
     D:3: 897 daAuts
     D:4: 724 daAuts
